 Dungeon Crawl Stone Soup version 0.18.1-50-g88ac8fd (webtiles) character file.

74 epen the Insei (level 4, 0/42 HPs)
             Began as a Naga Monk on Sept 26, 2016.
             Slain by an ooze (3 damage)
             ... on level 3 of the Dungeon.
             The game lasted 00:02:22 (2453 turns).

epen the Insei (Naga Monk)                          Turns: 2453, Time: 00:02:22

Health: 0/42       AC:  2    Str: 14    XL:     4   Next: 28%
Magic:  4/4        EV: 11    Int: 15    God:
Gold:   56         SH:  0    Dex: 14    Spells: 0 memorised, 3 levels left

rFire  + . .     SeeInvis +       - Unarmed
rCold  . . .     Gourm    .     a - +0 robe
rNeg   . . .     Faith    .     (no shield)
rPois  +         Spirit   .     (no helmet)
rElec  .         Dismiss  .     (no cloak)
rCorr  .         Reflect  .     (no gloves)
SustAt .         Harm     .     (no barding)
MR     .....                    (no amulet)
Stlth  ++........               (no ring)
                                (no ring)

@: brilliant, very slightly contaminated, very slow, not resistant to hostile
enchantments, unstealthy
A: see invisible, deformed body, fire resistance 1, poison resistance, slowness
2, slow metabolism 1, spit poison 2, AC +1
a: Spit Poison


You were on level 3 of the Dungeon.
You were not hungry.

You visited 1 branch of the dungeon, and saw 3 of its levels.

You collected 56 gold pieces.

Inventory:

Missiles
 h - a throwing net (quivered)
Armour
 a - a +0 robe (worn)
Scrolls
 g - a scroll of immolation
Comestibles
 b - 2 bread rations
 k - a chunk of flesh


   Skills:
 + Level 3.4 Fighting
 + Level 3.0 Dodging
 - Level 3.0 Stealth
 * Level 4.8 Unarmed Combat


You had 3 spell levels left.
You didn't know any spells.

Dungeon Overview and Level Annotations

Branches:
Dungeon (3/15)

Altars:

Annotations:
D:2 Natasha, Robin


Innate Abilities, Weirdness & Mutations

You cannot wear boots.
Your serpentine skin is tough (AC +1).
You have supernaturally acute eyesight.
Armour fits poorly on your strangely shaped body.
Your system is resistant to poisons.
You cover ground very slowly.
You have a slow metabolism.
You can spit poison.
Your flesh is heat resistant.


Message History

You have got your breath back.
You slide downwards.
The hatch slams shut behind you.
A bat, a ball python, an ooze, a hobgoblin and an orc wizard come into view.
Found a stone staircase leading down.
Read which item? (? for menu, Esc to quit)
As you read the scroll labeled CUIL MUV HIVOI, it crumbles to dust.
You hear a loud clanging noise!
It was a scroll of noise.
The ooze quivers.
The hobgoblin shouts!
The orc wizard shouts!
You hear a shout! x5
An orc comes into view. It is wielding a hand axe.
Read which item? (? for menu, Esc to quit)
As you read the scroll labeled GYK ARYRPHESHA, it crumbles to dust.
You feel aware of your surroundings.
You sensed 2 altars.
It was a scroll of magic mapping.
The bat hits you but does no damage. The ooze misses you.
The bat barely misses you. The hobgoblin hits you with a club.
* * * LOW HITPOINT WARNING * * *
The ooze hits you.
You die...

,,,,,,,,,<,,******,,,*
,,,,,,,,***** *,,,*
,,,****,* *,,,*
,,,,,**,###** *,,,*
,,,,,**,.o..######****
,,,,,****#..o....#
,,,,,* #.......##
*********#....S.g.##
*,,,,......bJ@..#
****,,,,.........#.#
,,,*,,,,.........#,#
**,,,,,,.>#####..#,*
,,,,,,,,.,* ##..,*
****,,,,,,* ###,*
*,,,,,,* *** *,,,,,,*
*,,,,,<*


You could see an orc wizard, an ooze, an orc, a hobgoblin, a bat and a ball
python.

Vanquished Creatures
  Natasha (D:2)
  An adder (D:2)
  An ooze (D:1)
  2 worms (D:2)
  A dart slug (D:1)
  2 giant cockroaches (D:1)
  5 goblins
  2 hobgoblins (D:2)
  4 kobolds
  A quokka (D:2)
  A ball python (D:1)
  6 bats
  5 rats
32 creatures vanquished.

Notes
Turn   | Place    | Note
--------------------------------------------------------------
     0 | D:1      | epen the Naga Monk began the quest for the Orb.
     0 | D:1      | Reached XP level 1. HP: 21/21 MP: 1/1
   618 | D:1      | Reached XP level 2. HP: 12/28 MP: 2/2
  1450 | D:2      | Reached XP level 3. HP: 32/34 MP: 3/3
  1819 | D:2      | Noticed Natasha
  1831 | D:2      | Killed Natasha
  2063 | D:2      | Reached XP level 4. HP: 42/42 MP: 4/4
  2163 | D:2      | Noticed Robin
  2435 | D:2      | Noticed Natasha
  2444 | D:2      | Gained mutation: Your flesh is heat resistant. [potion of mutation]
  2444 | D:2      | Gained mutation: You are clumsy. (Dex -2) [potion of mutation]
  2444 | D:2      | Lost mutation: You are clumsy. (Dex -2) [potion of mutation]
  2453 | D:3      | Slain by an ooze

Skill      XL: |  1  2  3  4 |
---------------+-------------+-----
Dodging        | 3 |  3.0
Fighting       | |  3.4
Stealth        | |  3.0
Unarmed Combat | |  4.8

Action                   |  1- 3 |  4- 6 || total
-------------------------+-------+-------++-------
Melee: Unarmed           |    73 |    22 ||    95
       Punch             |     3 |       ||     3
 Abil: Spit Poison       |     4 |     3 ||     7
  Use: Scroll            |       |     5 ||     5
       Potion            |       |     2 ||     2
 Stab: Sleeping          |     3 |       ||     3
  Eat: Chunk             |     2 |     1 ||     3
Armor: Robe              |    13 |     5 ||    18
Dodge: Dodged            |    37 |    17 ||    54
